AoeStats
← Alexander

Arena

510516317Analyzed
4v4 RM · 2d ago on Oct 1, 2026· 55m 29s· 8 players
Game mode
Random Map
Map size
Large (8 player)
Population
200
Speed
Normal
Resources
Standard
Victory
Conquest
Starting age
Dark Age
Ending age
Imperial Age
RankedLock teamsTeams togetherTeam positionsShared explorationLock speedFull tech treeHidden civsTurbo modeCheats
Victory
Defeat
🇹🇼 Persians · Taiwan
1216
+16
🇨🇳 Celts · China
1156
+18
🇺🇸 Varangians · United States
1149
+19
🇬🇧 Slavs · United Kingdom
1147
+19
🇨🇳 Mapuche · China
1299
-22
🇹🇷 Persians · Türkiye
1259
-20
🇺🇸 Vikings · United States
1133
-15
🇯🇵 Japanese · Japan
1133
-15
Alexander
9:38 Feudal Age
11:14 Loom
14:12 Castle Age
12:02 Double-Bit Axe
13:38 Horse Collar
15:24 Bow Saw
23:37 Bloodlines
24:55 Husbandry
27:55 Imperial Age
25:33 Pikeman
26:27 Bloodlines
26:30 Scale Barding Armor
26:30 Gold Mining
27:31 Forging
28:14 Ballistics
27:42 Cavalier
29:03 Gold Shaft Mining
29:09 Heavy Plow
30:35 Chain Barding Armor
31:56 Plate Barding Armor
33:01 Savar
35:42 Iron Casting
34:35 Halberdier
36:02 Wheelbarrow
36:12 Crop Rotation
36:27 Squires
37:29 Blast Furnace
37:54 Scale Mail Armor
39:23 Chain Mail Armor
40:56 Conscription
40:42 Kamandaran
44:06 Plate Mail Armor
43:55 Town Watch
44:34 Stone Mining
45:06 Thumb Ring
45:26 Crossbowman
50:50 Light Cavalry
51:39 Padded Archer Armor
51:30 Fletching
52:52 Leather Archer Armor
52:14 Hussar
54:16 Bodkin Arrow
55:24 Chemistry
摸着天杜迁
11:36 Feudal Age
12:54 Double-Bit Axe
15:23 Castle Age
14:26 Horse Collar
18:33 Loom
22:33 Wheelbarrow
26:32 Bow Saw
36:45 Gold Mining
39:44 Heavy Plow
42:10 Hand Cart
43:13 Town Watch
44:31 Town Patrol
51:01 Imperial Age
48:52 Scale Barding Armor
49:33 Ballistics
50:26 Fortified Wall
51:23 Chain Barding Armor
52:48 Chemistry
51:53 Siege Engineers
52:01 Furor Celtica
52:14 Conscription
51:23 Onager
53:09 Forging
52:21 Cavalier
53:01 Husbandry
52:29 Light Cavalry
52:44 Siege Onager
53:03 Capped Ram
54:38 Gold Shaft Mining
53:53 Stone Mining
54:55 Iron Casting
53:43 Hussar
54:32 Paladin
56:38 Blast Furnace
55:02 Spies/Treason
矮脚虎王英
7:38 Loom
10:50 Feudal Age
15:10 Castle Age
13:44 Double-Bit Axe
14:08 Horse Collar
16:45 Bow Saw
16:41 Heavy Plow
28:40 Imperial Age
26:40 Scale Barding Armor
28:15 Husbandry
28:28 Forging
29:06 Bloodlines
29:24 Fletching
30:51 Squires
30:42 Capped Ram
31:29 Cavalier
31:51 Elite Skirmisher
32:36 Stone Mining
32:37 Gold Mining
34:15 Chain Barding Armor
33:55 Bodkin Arrow
40:45 Bracer
41:22 Plate Barding Armor
41:45 Vendel Legacy
42:58 Ballistics
44:06 Padded Archer Armor
43:27 Man-at-Arms
48:27 Conscription
50:07 Chemistry
50:36 Wheelbarrow
49:47 Town Watch
50:20 Leather Archer Armor
cold killer
9:44 Feudal Age
14:51 Castle Age
12:51 Double-Bit Axe
12:57 Horse Collar
15:54 Heavy Plow
22:13 Wheelbarrow
24:22 Bow Saw
25:02 Hand Cart
25:40 Detinets
25:55 Gold Mining
26:52 Scale Barding Armor
26:58 Forging
30:27 Imperial Age
29:02 Chain Barding Armor
29:18 Iron Casting
28:44 Scale Mail Armor
29:36 Squires
28:57 Pikeman
29:41 Husbandry
29:52 Bloodlines
30:22 Gold Shaft Mining
32:32 Blast Furnace
32:08 Plate Barding Armor
31:27 Man-at-Arms
31:28 Halberdier
33:25 Long Swordsman
35:09 Blast Furnace
34:45 Plate Barding Armor
34:25 Chain Mail Armor
34:49 Druzhina
35:54 Elite Boyar
37:50 Two-Handed Swordsman
40:45 Plate Mail Armor
41:44 Hoardings
41:30 Conscription
41:51 Siege Engineers
42:07 Ballistics
46:03 Champion
54:01 Caravan
54:35 Crop Rotation
55:16 Two-Man Saw
HartyHart
9:40 Loom
11:44 Feudal Age
16:02 Castle Age
14:22 Double-Bit Axe
15:04 Gold Mining
15:24 Horse Collar
21:59 Bow Saw
22:01 Heavy Plow
25:23 Gold Shaft Mining
28:12 Imperial Age
26:57 Scale Mail Armor
27:13 Forging
28:23 Chieftains
28:39 Fletching
31:49 Chain Mail Armor
32:10 Iron Casting
31:21 Elite Berserk
34:39 Masonry
36:00 Architecture
35:11 Treadmill Crane
38:37 Capped Ram
39:41 Siege Ram
40:59 Plate Mail Armor
41:30 Blast Furnace
40:30 Man-at-Arms
41:18 Long Swordsman
41:22 Pikeman
42:20 Squires
42:06 Arson
43:14 Two-Handed Swordsman
emre_gul19
8:35 Feudal Age
7:59 Loom
8:57 Double-Bit Axe
10:08 Wheelbarrow
13:19 Horse Collar
14:26 Town Watch
17:29 Castle Age
16:04 Stone Mining
18:13 Bow Saw
18:05 Heavy Plow
22:51 Hand Cart
25:46 Gold Mining
27:02 Gold Shaft Mining
28:10 Forging
28:06 Scale Barding Armor
28:02 Padded Archer Armor
29:08 Stone Shaft Mining
31:51 Imperial Age
29:19 Fletching
29:53 Town Patrol
30:30 Iron Casting
31:22 Leather Archer Armor
31:03 Bodkin Arrow
31:29 Chain Barding Armor
31:12 Kamandaran
32:14 Bloodlines
32:05 Husbandry
33:02 Crop Rotation
33:37 Two-Man Saw
33:50 Blast Furnace
33:15 Conscription
32:43 Crossbowman
33:29 Thumb Ring
33:47 Ballistics
36:09 Chemistry
36:22 Ring Archer Armor
36:28 Plate Barding Armor
42:12 Pikeman
42:52 Squires
42:38 Gambesons
42:39 Arson
43:02 Scale Mail Armor
44:15 Chain Mail Armor
44:38 Halberdier
46:23 Plate Mail Armor
47:36 Elite War Elephant
peace for the world
10:09 Feudal Age
9:30 Loom
14:56 Castle Age
13:39 Fletching
15:42 Bodkin Arrow
16:30 Treadmill Crane
17:54 Guard Tower
21:02 Yasama
26:30 Ballistics
丧心病狂
10:43 Feudal Age
11:55 Double-Bit Axe
14:36 Castle Age
12:52 Gold Mining
13:18 Horse Collar
14:00 Stone Mining
15:36 Bow Saw
20:57 Loom
21:13 Fletching
23:44 Padded Archer Armor
26:45 Bodkin Arrow
27:05 Leather Archer Armor
28:23 Leather Archer Armor
31:39 Imperial Age
29:50 Gold Shaft Mining
31:33 Malon
31:55 Heavy Plow
31:44 Elite Bolas Rider
33:00 Ring Archer Armor
32:58 Conscription
33:29 Wheelbarrow
33:38 Conscription
34:30 Chemistry
33:55 Ballistics
36:14 Butalmapu
Connection lost

Rejoining the realm…

Still unreachable

The connection could not be restored.

Session expired

The server has moved on; the page needs a fresh start.